 Dungeon Crawl Stone Soup version 0.23-a0-480-g1869896 (webtiles) character file.

86 galech the Skirmisher (level 4, 17/35 HPs)
             Began as a Demonspawn Fighter on Nov 28, 2018.
             Quit the game on level 2 of the Dungeon.
             The game lasted 00:01:09 (601 turns).

galech the Skirmisher (Demonspawn Fighter)           Turns: 601, Time: 00:01:09

Health: 17/35      AC:  8    Str: 17    XL:     4   Next: 27%
Magic:  4/4        EV:  7    Int:  9    God:
Gold:   66         SH:  9    Dex: 13    Spells: 3/3 levels left

rFire    . . .     SeeInvis +   a - +0 war axe
rCold    + . .     Gourm    .   c - +0 shield
rNeg     . . .     Faith    .   b - +0 scale mail
rPois    .         Spirit   .   (no helmet)
rElec    .         Reflect  .   (no cloak)
rCorr    .         Harm     .   (no gloves)
MR       .....                  (no boots)
Stlth    +.........             (no amulet)
HPRegen  0.11/turn              n - ring of ice
MPRegen  0.09/turn              r - ring of see invisible

@: no status effects
A: iridescent scales 1, fire resistance 1, nightstalker 1
a: no special abilities


You were on level 2 of the Dungeon.
You were not hungry.

You visited 1 branch of the dungeon, and saw 2 of its levels.

You collected 66 gold pieces.

Inventory:

Hand Weapons
 a - a +0 war axe (weapon)
Armour
 b - a +0 scale mail (worn)
 c - a +0 shield (worn)
Jewellery
 n - a ring of ice (left hand)
 r - a ring of see invisible (right hand)
Scrolls
 d - 2 scrolls of enchant weapon {unknown}
 g - a scroll of blinking {unknown}
 i - a scroll of remove curse {unknown}
 j - 3 scrolls of enchant armour {unknown}
 m - a scroll of fog {unknown}
 o - a scroll of identify {unknown}
 p - a scroll of teleportation {unknown}
Potions
 e - a potion of ambrosia {unknown}
 k - a potion of mutation {unknown}
 l - 2 potions of curing {unknown}
 q - a potion of lignification {unknown}
Comestibles
 f - 2 rations
 h - 9 chunks of flesh


   Skills:
 + Level 3.5 Fighting
 + Level 2.8 Axes
 + Level 3.1 Armour
 + Level 0.3 Dodging
 + Level 3.2 Shields


You had 3 spell levels left.
You didn't know any spells.
Your spell library was empty.

Dungeon Overview and Level Annotations

Branches:
Dungeon (2/15)

Altars:
Ashenzari
Elyvilon


Innate Abilities, Weirdness & Mutations

You are partially covered in iridescent scales. (AC +2)
Your flesh is heat resistant. (rF+)
You are slightly more attuned to the shadows.


Message History

You closely miss the kobold. The kobold barely misses you.
The kobold hits you but does no damage.
You hit the kobold but do no damage. The kobold hits you with a +0 club.
You are too injured to fight recklessly!
You are too injured to fight recklessly!
You are too injured to fight recklessly!
You are too injured to fight recklessly!
You are too injured to fight recklessly!
You are too injured to fight recklessly!
You are too injured to fight recklessly!
You are too injured to fight recklessly!
You are too injured to fight recklessly!
You are too injured to fight recklessly!
You are too injured to fight recklessly!
You are too injured to fight recklessly!
You are too injured to fight recklessly!
You are too injured to fight recklessly!
You are too injured to fight recklessly!
You are too injured to fight recklessly!
Are you sure you want to abandon this character and quit the game? (Confirm

... .... ... ...
######.# #....K.#
#...@).## #....†..#
#..........
#############÷........#
...........##.....###.#
.#.#.#.....''.....+ .
...........##.....#
...⌠.......########
_..........#


You could see a kobold.

Vanquished Creatures
  6 adders (D:2)
  An ooze (D:2)
  A worm (D:2)
  A dart slug (D:2)
  A leopard gecko (D:1)
  2 bats
  4 giant cockroaches
  5 goblins
  A hobgoblin (D:1)
  3 frilled lizards
  A rat (D:2)
26 creatures vanquished.

Notes
Turn   | Place    | Note
-------+----------+-------------------------------------------
     0 | D:1      | galech the Demonspawn Fighter began the quest for the Orb.
     0 | D:1      | Reached XP level 1. HP: 18/18 MP: 1/1
   101 | D:1      | Found a shattered altar of Ashenzari.
   142 | D:1      | Gained mutation: Your flesh is heat resistant. (rF+)
                  | [demonic ancestry]
   142 | D:1      | Reached XP level 2. HP: 24/24 MP: 2/2
   405 | D:2      | Gained mutation: You are slightly more attuned to the
                  | shadows. [demonic ancestry]
   405 | D:2      | Reached XP level 3. HP: 23/29 MP: 3/3
   544 | D:2      | Found a white marble altar of Elyvilon.
   590 | D:2      | Gained mutation: You are partially covered in iridescent
                  | scales. (AC +2) [demonic ancestry]
   590 | D:2      | Reached XP level 4. HP: 20/35 MP: 4/4
   601 | D:2      | Quit the game

Vault maps used:
D:1:      minmay_arrival_hallway, ashenzari_altar_1
D:2:      elyvilon_altar_5, chequers_ecumenical_altar_simple,
          minmay_three_crescents, uniq_robin

Skill      XL: |  1  2 |
---------------+-------+-----
Shields        | 3 |  3.2
Axes           | 2 |  2.8
Armour         | 3 |  3.1
Fighting       | |  3.5
Dodging        | |  0.3

Action                   |  1- 3 |  4- 6 || total
-------------------------+-------+-------++-------
Melee: War axe           |    56 |    10 ||    66
  Use: Potion            |     1 |       ||     1
Armor: Scale mail        |    29 |    15 ||    44
Dodge: Dodged            |    29 |     9 ||    38
Block: Shield            |    37 |     9 ||    46

Table legend:
 A = Non-vault XP
 B = Vault XP
 C = Vault XP percentage of total XP
 D = Non-vault monster count
 E = Vault monster count
 F = Vault count percentage of total count
                 A         B        C        D         E       F
            +---------+---------+-------+---------+---------+-------
      Total |      85 |      39 |  31.5 |      20 |       6 |  23.1
            +---------+---------+-------+---------+---------+-------
        D:1 |      19 |       0 |   0.0 |      10 |       0 |   0.0
        D:2 |      66 |      39 |  37.1 |      10 |       6 |  37.5
            +---------+---------+-------+---------+---------+-------
